 Dungeon Crawl Stone Soup version 0.29.1-4-g47bece8355 (webtiles) character file.

Game seed: 8063336054537094610

121 llahlahkje the Trooper (level 4, 0/33 HPs)
             Began as a Demonspawn Fighter on Dec 1, 2022.
             Was a Follower of Hepliaklqana.
             Slain by Grinder (4 damage)
             ... on level 3 of the Dungeon.
             The game lasted 00:07:37 (1505 turns).

llahlahkje the Trooper (Demonspawn Fighter)         Turns: 1505, Time: 00:07:37

Health: 0/33       AC: 10    Str: 18    XL:     4   Next: 77%
Magic:  4/4        EV:  9    Int:  9    God:    Hepliaklqana [*.....]
Gold:   111        SH:  4    Dex: 13    Spells: 3/3 levels left

rFire   . . .      SeeInvis .   c - +1 dagger (venom)
rCold   . . .      Faith    .   (no shield)
rNeg    . . .      Spirit   .   b - +0 scale mail
rPois   .          Reflect  .   (no helmet)
rElec   .          Harm     .   (no cloak)
rCorr   .          Rampage  .   e - +2 pair of gloves
Will    .....                   (no boots)
Stlth   ..........              (no amulet)
HPRegen 0.11/turn               (no ring)
MPRegen 0.09/turn               (no ring)

@: no status effects
A: reduced essence, large bone plates 1, ignite blood 1, demonic touch 1
a: Renounce Religion, Recall Ancestor, Ancestor Identity


You were on level 3 of the Dungeon.
You worshipped Hepliaklqana.
Hepliaklqana was aware of your devotion.
You visited 1 branch of the dungeon, and saw 3 of its levels.

You collected 111 gold pieces.

Inventory:

Hand Weapons
 a - a +0 long sword
 c - a +1 dagger of venom (weapon)
Missiles
 g - 5 curare-tipped darts (quivered)
 j - 3 poisoned darts
Armour
 b - a +0 scale mail (worn)
 e - a +2 pair of gloves (worn)
Scrolls
 f - a scroll of magic mapping
 h - a scroll of fog
 m - a scroll of teleportation
Potions
 d - 2 potions of might
 i - a potion of resistance
 k - a potion of curing {unknown}


   Skills:
 + Level 3.6 Fighting
 * Level 1.2(2.0) Short Blades
 - Level 2.3(2.5) Long Blades
 + Level 3.5 Armour
 - Level 0.5 Dodging
 * Level 1.5 Stealth
 - Level 2.6 Shields


You had 3 spell levels left.
You didn't know any spells.
Your spell library contained the following spells:

 Spells                   Type           Power      Damage    Failure   Level
 Sublimation of Blood     Necr           0%         N/A       88%         2
 Dazzling Flash           Conj/Hex       0%         N/A       98%         3
 Iskenderun's Mystic Bla  Conj/Tloc      0%         2d3       100%        4
 Petrify                  Tmut/Erth      0%         N/A       100%        4
 Irradiate                Conj/Tmut      0%         3d11      100%        5
 Starburst                Conj/Fire      0%         6d3       100%        6


Dungeon Overview and Level Annotations

Branches:
Dungeon (3/15)

Altars:
Fedhas
Gozag
Hepliaklqana

Annotations:
D:3 Grinder


Innate Abilities, Weirdness & Mutations

Your life essence is reduced to manifest your ancestor. (-10% HP)
You are partially covered in large bone plates. (SH +4)
Your demonic aura sometimes causes spilled blood to erupt in flames.
Your touch may inflict minor irresistible damage on your foes.


Message History

Grinder comes into view.
Found 16 gold pieces.
You feel sick.
You are no longer poisoned.
Grinder shouts!
A kobold comes into view. It is wielding a +0 club.
A quokka comes into view.
The quokka moves out of view.
Grinder gestures at you. Pain shoots through your body!
* * * LOW HITPOINT WARNING * * *
You see here 16 gold pieces.
You now have 111 gold pieces (gained 16).
Flatulent Man barely misses the kobold.
You block the kobold's attack.
Grinder blinks!
Flatulent Man hits the kobold.
The kobold dies!
The quokka bites you.
* * * LOW HITPOINT WARNING * * *
Grinder blinks!
A kobold comes into view. It is wielding a +0 dagger.
Flatulent Man hits Grinder.
Grinder misses Flatulent Man.
Something hits Flatulent Man.
You miss the quokka.
You touch the quokka.
You kill the quokka!
Grinder hits Flatulent Man!
Something hits Flatulent Man.
Flatulent Man hits Grinder.
Okay, then.
You start resting.
Something hits Flatulent Man.
You start resting.
Something hits Flatulent Man.
A kobold is nearby!
You swap places.
The kobold barely misses you.
You hit the kobold.
You kill the kobold!
Grinder hits you but does no damage.
Flatulent Man hits Grinder but does no damage.
You hit Grinder but do no damage.
Grinder is poisoned.
Grinder is lightly wounded.
Grinder hits you.
You die...

#..###.# #......#
#.....# ## #..)# ..
. ####)# .###..
####..†.# .....
###.......#####..#
##..............).#
#....@R....####)..#
#..####5###.# #...#
# ##...# #.#
#...#### #....# #.#
#....... ...#....#
#.# #..##.#.
..KR..).# ..#
#..##... ..5######
..# #....... ...
#.###<.. .. #.#
##.#


You could see the friendly Flatulent Man the ancestor and Grinder (very
poisoned, ally target).

Vanquished Creatures
  4 gnolls (D:2)
  3 adders
  2 worms (D:2)
  3 dart slugs
  4 bats
  5 endoplasms
  5 goblins
  4 hobgoblins
  4 jackals
  A quokka (D:3)
  A ball python (D:2)
  2 frilled lizards
  2 kobolds (D:3)
40 creatures vanquished.

Vanquished Creatures (collateral kills)
  A hobgoblin (D:1)
  A quokka (D:3)
  A bat (D:1)
  A kobold (D:3)
  A rat (D:3)
5 creatures vanquished.

Vanquished Creatures (others)
  2 ancestors (D:2)
2 creatures vanquished.

Grand Total: 47 creatures vanquished

Notes
Turn   | Place    | Note
-------+----------+-------------------------------------------
     0 | D:1      | llahlahkje the Demonspawn Fighter began the quest for the
                  | Orb.
     0 | D:1      | Reached XP level 1. HP: 18/18 MP: 1/1
    95 | D:1      | Found a faded altar of an unknown god.
   105 | D:1      | Prayed at the altar of an unknown god.
   105 | D:1      | Became a worshipper of Hepliaklqana the Forgotten
   105 | D:1      | Reached * piety under Hepliaklqana
   417 | D:1      | Gained mutation: Your demonic aura sometimes causes spilled
                  | blood to erupt in flames. [demonic ancestry]
   417 | D:1      | Reached XP level 2. HP: 19/21 MP: 2/2
   905 | D:2      | Gained mutation: You are partially covered in large bone
                  | plates. (SH +4) [demonic ancestry]
   905 | D:2      | Reached XP level 3. HP: 18/26 MP: 3/3
  1185 | D:2      | Found an opulent altar of Gozag.
  1203 | D:2      | Gained mutation: Your touch may inflict minor irresistible
                  | damage on your foes. [demonic ancestry]
  1203 | D:2      | Reached XP level 4. HP: 20/32 MP: 4/4
  1252 | D:2      | Reached skill level 1 in Stealth
  1350 | D:2      | Reached skill level 1 in Short Blades
  1392 | D:3      | Found a blossoming altar of Fedhas.
  1481 | D:3      | Noticed Grinder
  1505 | D:3      | Slain by Grinder

Illustrated notes

Levels and vault maps discovered:
D:1:      enne_arrival_octagon_isle, layout_basic,
          ebering_ecumenical_altar_sacrificial, chequers_serial_rivers_large_b
D:2:      layout_basic, basic_altar
D:3:      minmay_recursive_quarters, layout_loops_ring,
          mainiacjoe_overflow_tiny_flanked, uniq_natasha, uniq_grinder

Skill      XL: |  1  2  3  4 |
---------------+-------------+-----
Long Blades    | 2 |  2.3
Armour         | 3 |  3.5
Stealth        | 1 |  1.5
Short Blades   | 1 |  1.2
Fighting       | |  3.6
Dodging        | |  0.5
Shields        | |  2.6

Action                   |  1- 3 |  4- 6 || total
-------------------------+-------+-------++-------
Melee: Long sword        |    60 |       ||    60
       Punch             |     1 |     1 ||     2
       Dagger            |     8 |    37 ||    45
       Touch             |       |     8 ||     8
Invok: Ancestor Identity |     1 |       ||     1
  Use: Scroll            |     5 |     2 ||     7
       Potion            |     3 |       ||     3
Armor: Scale mail        |    63 |    13 ||    76
Dodge: Dodged            |    40 |    13 ||    53
Block: Other             |     4 |     4 ||     8
